 Dungeon Crawl Stone Soup version 0.19.0-18-g426998a (webtiles) character file.

395 HessuHobo the Slasher (level 6, -18/51 HPs)
             Began as a Ghoul Warper on Nov 11, 2016.
             Killed from afar by Dowan (22 damage)
             ... with a shard of ice
             ... on level 4 of the Dungeon.
             The game lasted 00:18:53 (3869 turns).

HessuHobo the Slasher (Ghoul Warper)                Turns: 3869, Time: 00:18:54

Health: -18/51     AC: 10    Str: 15      XL:     6   Next: 82%
Magic:  8/8        EV: 10    Int:  6 (8)  God:
Gold:   169        SH:  0    Dex:  8 (10) Spells: 1 memorised, 7 levels left

rFire  + . .     SeeInvis .     a - +0 falchion
rCold  + . .     Gourm    .     r - +1 scale mail {rF+}
rNeg   + + +     Faith    .     (no shield)
rPois  ∞         Spirit   .     t - +0 helmet
rElec  .         Reflect  .     (no cloak)
rCorr  .         Harm     .     q - +0 pair of gloves
MR     .....                    (no boots)
Stlth  ..........               (no amulet)
                                (no ring)
                                (no ring)

@: very slightly contaminated, rotting
A: rotting body, claws 1, carnivore 3, cold resistance 1, negative energy
resistance 3, slow regeneration 1, torment resistance, unbreathing
a: no special abilities


You were on level 4 of the Dungeon.
You were not hungry.

You visited 1 branch of the dungeon, and saw 4 of its levels.

You collected 169 gold pieces.

Inventory:

Hand Weapons
 a - a +0 falchion (weapon)
Missiles
 e - 3 tomahawks of dispersal (quivered)
 i - 2 throwing nets
 j - 185 stones
Armour
 b - a +0 leather armour
 q - a +0 pair of gloves (worn)
 r - a +1 scale mail of fire resistance (worn)
 t - a +0 helmet (worn)
Wands
 m - a wand of random effects (19/48)
Scrolls
 d - 2 scrolls of blinking
 n - a scroll of teleportation
 p - a scroll of noise
Potions
 h - a potion of ambrosia {unknown}
 k - a potion of cancellation {unknown}
 s - a potion of curing {unknown}
 u - a potion of beneficial mutation {unknown}
Books
 c - a book of Spatial Translocations

   Spells                             Type                      Level
   a - Blink                          Translocation                2
   b - Shroud of Golubria             Charms/Translocation         2
   c - Lesser Beckoning               Translocation                3
   d - Portal Projectile              Translocation                3
   e - Teleport Other                 Translocation                3
   f - Passage of Golubria            Translocation                4
Comestibles
 f - 2 chunks of flesh
 g - 3 bread rations
 o - a beef jerky


   Skills:
 + Level 3.5 Fighting
 + Level 4.2 Long Blades
 + Level 1.0 Throwing
 + Level 3.1 Armour
 + Level 2.9 Dodging
 + Level 2.0 Spellcasting
 + Level 2.6 Translocations


You had 7 spell levels left.
You knew the following spells:

 Your Spells              Type           Power        Failure   Level  Hunger
a - Shroud of Golubria    Chrm/Tloc      #.........   98%         2    ###....


Dungeon Overview and Level Annotations

Branches:
Dungeon (4/15)
 Temple: D:4-7

Altars:
Ashenzari

Annotations:
D:4 Dowan


Innate Abilities, Weirdness & Mutations

Your body is rotting away.
You thrive on raw meat.
You are immune to poison.
You have sharp fingernails.
You are carnivorous and can eat meat at any time.
Your flesh is cold resistant. (rC+)
You are immune to negative energy. (rN+++)
You regenerate slowly when monsters are visible.
You are immune to unholy pain and torment.
You can survive without breathing.


Message History

Dowan hits you but does no damage. x2
You barely miss Dowan.
Dowan is lightly wounded.
Dowan hits you but does no damage.
You completely miss Dowan.
Dowan is lightly wounded.
Dowan hits you but does no damage. Dowan gestures at you while chanting.
The stone arrow hits you!
* * * LOW HITPOINT WARNING * * *
Blink to where?
Press: ? - help, Dir - move target cursor You are very lightly contaminated with residual magic.
As you read the scroll of blinking, it crumbles to dust.
Dowan points at you and mumbles some strange words.
The shard of ice misses you.
Found a scroll of identify.
Dowan casts a spell at you. The shard of ice hits you! You partially resist.
You die...

.... #.# .#
...####.####.# #..
#.....)....# #..
#..........#
..#..###..........#
..#....#..........#
.......#....).....#
#......#.....####.#
#......#@....####.#
#.................#
.?...#.#....#.....#
.##. #.#....#.##.##
#..#)#....#.##.#
##.#..#.e......##.#
..........#######.#
###........(......#
....>.#.........#...(#


You could see Dowan.

Vanquished Creatures
  Duvessa (D:4)
  A sky beast (D:4)
  A centaur zombie (D:3)
  An iguana (D:3)
  A howler monkey skeleton (D:4)
  5 adders (D:2)
  An ooze (D:3)
  An adder skeleton (D:4)
  A worm (D:4)
  2 dart slugs
  2 leopard geckos (D:1)
  6 orcs
  6 giant cockroaches
  9 goblins
  10 hobgoblins
  7 kobolds
  A quokka (D:4)
  A ball python (D:1)
  6 bats
  5 frilled lizards
  6 rats
74 creatures vanquished.

Notes
Turn   | Place    | Note
-------+----------+-------------------------------------------
     0 | D:1      | HessuHobo the Ghoul Warper began the quest for the Orb.
     0 | D:1      | Reached XP level 1. HP: 17/17 MP: 2/2
    23 | D:1      | Reached skill level 1 in Armour
   165 | D:1      | Reached XP level 2. HP: 17/24 MP: 4/4
   459 | D:1      | Reached skill level 2 in Long Blades
   720 | D:1      | Reached XP level 3. HP: 25/30 MP: 5/5
   784 | D:1      | Learned a level 2 spell: Shroud of Golubria
  1340 | D:2      | Reached skill level 1 in Throwing
  1340 | D:2      | Reached XP level 4. HP: 35/37 MP: 6/6
  2447 | D:3      | Reached skill level 3 in Long Blades
  2447 | D:3      | Reached XP level 5. HP: 26/44 MP: 7/7
  3261 | D:3      | Found a shattered altar of Ashenzari.
  3755 | D:4      | Noticed a sky beast
  3783 | D:4      | Killed a sky beast
  3783 | D:4      | Reached XP level 6. HP: 18/51 MP: 8/8
  3826 | D:4      | Noticed Dowan
  3828 | D:4      | Noticed Duvessa
  3853 | D:4      | Killed Duvessa
  3853 | D:4      | Reached skill level 4 in Long Blades
  3869 | D:4      | Killed from afar by Dowan

Skill      XL: |  1  2  3  4  5  6 |
---------------+-------------------+-----
Armour         | 1 2 3 |  3.1
Dodging        | 2 |  2.9
Spellcasting   | 2 |  2.0
Long Blades    | 2 3 4 |  4.2
Throwing       | 1 |  1.0
Fighting       | 3 |  3.5
Translocations | |  2.6

Action                   |  1- 3 |  4- 6 || total
-------------------------+-------+-------++-------
Melee: Falchion          |   104 |   234 ||   338
Throw: Tomahawk          |     2 |       ||     2
  Use: Scroll            |     4 |     4 ||     8
       Potion            |       |     1 ||     1
  Eat: Chunk             |    24 |    33 ||    57
       Meat ration       |     1 |       ||     1
       Royal jelly       |       |     1 ||     1
       Beef jerky        |       |     1 ||     1
Armor: Leather armour    |    41 |     5 ||    46
       Scale mail        |       |    95 ||    95
Dodge: Dodged            |    83 |   110 ||   193
       Rpst.: Falchion   |    26 |    27 ||    53
